Map: NeoHumanity LE

Players

Chendalen - Winner!

  • Race: Protoss Protoss
  • Spawn Location: 5:00

VOD

Have the link to the VOD?

Description

Time

  • Played on: April 9, 2023, 2:41 a.m.
  • Length: 14:17
Show
View Real Time Build Order
Export as new Build Order

Chendalen Protoss - Winner!

Build Orders:  

Get SALT Encoding   

  12  0:03  Probe (Chrono Boost)  
  14  0:20  Probe (Chrono Boost)  
  14  0:27  Pylon  
  14  0:37  Probe (Chrono Boost)  
  15  0:54  Probe (Chrono Boost)  
  15  0:58  Gateway  
  17  1:11  Probe (Chrono Boost)  
  17  1:12  Assimilator  
  17  1:26  Gateway  
  17  1:36  Probe (Chrono Boost)  
  18  1:47  Gateway  
  18  1:53  Probe (Chrono Boost)  
  19  2:07  Cybernetics Core  
  19  2:09  Probe (Chrono Boost)  
  20  2:27  Pylon  
  20  2:45  Probe (Chrono Boost)  
  21  3:04  Nexus  
  21  3:10  Probe  
  21  3:18  Sentry  
  22  3:20  Zealot  
  26  3:37  Stalker  
  28  3:44  Warp Gate (Chrono Boost)  
  28  3:48  Assimilator  
  28  3:52  Probe  
  29  4:09  Probe  
  30  4:26  Probe  
  31  4:44  Probe  
  31  4:48  Stalker x3  
  38  4:58  Pylon  
  38  5:01  Probe  
  38  5:06  Probe  
  40  5:18  Probe  
  41  5:23  Probe  
  41  5:25  Sentry  
  41  5:26  Zealot  
  41  5:28  Zealot  
  48  5:34  Probe  
  49  5:40  Probe  
  50  5:51  Probe  
  50  5:57  Probe  
  52  6:01  Stargate  
  52  6:08  Probe  
  53  6:14  Probe  
  54  6:27  Pylon  
  54  6:35  Pylon  
  54  6:41  Forge x2  
  54  7:00  Forge  
  54  8:11  Twilight Council  
  54  8:20  Protoss Ground Armor Level 1, Protoss Ground Weapons Level 1  
  54  8:31  Robotics Facility  
  54  8:34  Robotics Facility  
  54  8:44  Probe  
  54  8:45  Assimilator  
  54  8:47  Probe  
  56  8:54  Assimilator  
  56  9:01  Probe  
  56  9:04  Probe  
  58  9:17  Stalker  
  58  9:18  Probe  
  58  9:19  Zealot  
  63  9:20  Zealot  
  63  9:21  Probe  
  66  9:34  Probe  
  66  9:38  Probe  
  68  9:51  Probe  
  68  9:56  Pylon  
  68  9:57  Pylon  
  68  9:59  Pylon  
  69  10:00  Pylon  
  69  10:19  Nexus  
  69  10:21  Immortal x2  
  69  10:23  Charge  
  69  10:26  Pylon  
  77  10:32  Pylon  
  77  10:43  Pylon  
  77  11:00  Stalker  
  77  11:01  Stalker x2  
  77  11:07  Void Ray  
  87  11:10  Protoss Shields Level 1  
  87  11:14  Pylon  
  87  11:15  Pylon  
  87  11:16  Immortal x2  
  95  12:07  Void Ray  
  99  12:25  Unknown  
  99  13:20  Unknown  
Tags
 
Add a new tag
Caveats
  • Supply blocks, unpowered buildings, or Contaminate may cause inaccurate times.
  • Supply counts are checked every 10 seconds.